LNP
VIEQUES ESQUELETOS @ COROZAL MOFONGUEROS
07/04/1903
 
TOP OF THE 1ST
Vieques Esqueletos batting - Pitching for Corozal Mofongueros : RHP Leonel Alvarrán
Pitching: RHP Leonel Alvarrán
Batting: RHB Cosme Medina 0-0: Ground out 5-3 (Groundball, 5S, EV 106 KM/H)
Batting: RHB Rodrigo Pérez 0-0: Ball
1-0: Swinging Strike
1-1: Ball
2-1: Fly out, F6 (Popup, 6, EV 117 KM/H)
Batting: RHB Felipe Delgado 0-0: Called Strike
0-1: Swinging Strike
0-2: Strikes out looking
Top of the 1st over - 0 runs, 0 hits, 0 errors, 0 left on base; Vieques 0 - Corozal 0
BOTTOM OF THE 1ST
Corozal Mofongueros batting - Pitching for Vieques Esqueletos : RHP Raúl Rivera
Pitching: RHP Raúl Rivera
Batting: LHB Quirino Rodríguez 0-0: Fly out, F8 (Line Drive, 8RM, EV 153 KM/H)
Batting: RHB Bill Goyette 0-0: Ball
1-0: Swinging Strike
1-1: Bunt missed!
1-2: Foul Ball, location: 2F
1-2: Ball
2-2: Ball
3-2: Ground out 5-3 (Groundball, 56, EV 136 KM/H)
Batting: LHB Natalino Romero 0-0: Foul Ball, location: 2F
0-1: Foul Ball, location: 7LDF
0-2: Foul Ball, location: 7LSF
0-2: Ground out 5-3 (Groundball, 56, EV 165 KM/H)
Bottom of the 1st over - 0 runs, 0 hits, 0 errors, 0 left on base; Vieques 0 - Corozal 0
TOP OF THE 2ND
Vieques Esqueletos batting - Pitching for Corozal Mofongueros : RHP Leonel Alvarrán
Batting: RHB Cedro Martín 0-0: Ball
1-0: Fly out, F4 (Line Drive, 4, EV 113 KM/H)
Batting: RHB Aluino Trujillo 0-0: Called Strike
0-1: Foul Ball, location: 2F
0-2: Ball
1-2: Ground out 3-1 (Groundball, 34, EV 164 KM/H)
Batting: RHB Rogelio Hernández 0-0: Swinging Strike
0-1: Swinging Strike
0-2: Ground out 6-3 (Groundball, 56, EV 167 KM/H)
Top of the 2nd over - 0 runs, 0 hits, 0 errors, 0 left on base; Vieques 0 - Corozal 0
BOTTOM OF THE 2ND
Corozal Mofongueros batting - Pitching for Vieques Esqueletos : RHP Raúl Rivera
Batting: RHB Avelino González 0-0: Fly out, F9 (Line Drive, 89M, EV 157 KM/H)
Batting: RHB Alex Yapp 0-0: Called Strike
0-1: Ball
1-1: Fly out, F2 (Popup, 23F, EV 122 KM/H)
Batting: SHB Uranio Fonseca 0-0: Ball
1-0: Ball
2-0: Ground out U3 (Groundball, 3L, EV 135 KM/H)
Bottom of the 2nd over - 0 runs, 0 hits, 0 errors, 0 left on base; Vieques 0 - Corozal 0
TOP OF THE 3RD
Vieques Esqueletos batting - Pitching for Corozal Mofongueros : RHP Leonel Alvarrán
Batting: RHB Urías Vergara 0-0: Ball
1-0: SINGLE (Line Drive, 9LS, EV 152 KM/H)
Batting: RHB Julio Rodríguez 0-0: Sac Bunt to P - play at first, batter OUT! 1-3
Urías Vergara to second
Batting: RHB Roberto Guerrero 0-0: Ball
1-0: SINGLE (Groundball, 4MD, EV 173 KM/H)
Urías Vergara to third
Runner from 3rd tries for Home, SAFE, throw by CF to home
Roberto Guerrero to second
Batting: RHB Cosme Medina 0-0: Foul Ball, location: 2F
0-1: Ball
1-1: Called Strike
1-2: Strikes out swinging
Batting: RHB Rodrigo Pérez 0-0: Called Strike
0-1: Ball
1-1: Foul Ball, location: 2F
1-2: Ground out 4-3 (Groundball, 4, EV 130 KM/H)
Top of the 3rd over - 1 run, 2 hits, 0 errors, 1 left on base; Vieques 1 - Corozal 0
BOTTOM OF THE 3RD
Corozal Mofongueros batting - Pitching for Vieques Esqueletos : RHP Raúl Rivera
Batting: RHB Egidio Fuentes 0-0: Ground out 4-3 (Groundball, 4, EV 134 KM/H)
Batting: SHB Jacinto González 0-0: Ball
1-0: Fly out, F4 (Popup, 4D, EV 81 KM/H)
Batting: RHB Jaime Olivera 0-0: Called Strike
0-1: SINGLE (Line Drive, 89M, EV 157 KM/H)
Batting: LHB Quirino Rodríguez 0-0: Ball
1-0: Ground out U3 (Groundball, 3L, EV 164 KM/H)
Bottom of the 3rd over - 0 runs, 1 hit, 0 errors, 1 left on base; Vieques 1 - Corozal 0
TOP OF THE 4TH
Vieques Esqueletos batting - Pitching for Corozal Mofongueros : RHP Leonel Alvarrán
Batting: RHB Felipe Delgado 0-0: SINGLE (Line Drive, 4D, EV 156 KM/H)
Batting: RHB Cedro Martín 0-0: Ball
Felipe Delgado steals 2nd base
1-0: Called Strike
1-1: Foul Ball, location: 2F
1-2: Foul Ball, location: 9LSF
1-2: Foul Ball, location: 9LSF
1-2: Ball
2-2: Ground out 6-3 (Groundball, 6D, EV 130 KM/H)
Felipe Delgado to third
Batting: RHB Aluino Trujillo 0-0: Ball
1-0: Ground out 6-3 (Groundball, 6, EV 146 KM/H)
Felipe Delgado scores
Batting: RHB Rogelio Hernández 0-0: Ball
1-0: Ball
2-0: Ball
3-0: Base on Balls
Batting: RHB Urías Vergara 0-0: Ball
1-0: Ball
2-0: Foul Ball, location: 9LMF
2-1: Swinging Strike
2-2: Foul Ball, location: 7LDF
2-2: Ball
3-2: Base on Balls
Rogelio Hernández to second
Batting: RHB Julio Rodríguez 0-0: Ball
1-0: Ball
2-0: Ground out 1-3 (Groundball, 13S, EV 103 KM/H)
Top of the 4th over - 1 run, 1 hit, 0 errors, 2 left on base; Vieques 2 - Corozal 0
BOTTOM OF THE 4TH
Corozal Mofongueros batting - Pitching for Vieques Esqueletos : RHP Raúl Rivera
Batting: RHB Bill Goyette 0-0: Ball
1-0: Fly out, F8 (Line Drive, 89M, EV 168 KM/H)
Batting: LHB Natalino Romero 0-0: Ball
1-0: Fly out, F6 (Line Drive, 6, EV 108 KM/H)
Batting: RHB Avelino González 0-0: DOUBLE (Line Drive, 7LM, EV 166 KM/H)
Batting: RHB Alex Yapp 0-0: Called Strike
0-1: Ball
1-1: Ground out 6-3 (Groundball, 6M, EV 143 KM/H)
Bottom of the 4th over - 0 runs, 1 hit, 0 errors, 1 left on base; Vieques 2 - Corozal 0
TOP OF THE 5TH
Vieques Esqueletos batting - Pitching for Corozal Mofongueros : RHP Leonel Alvarrán
Batting: RHB Roberto Guerrero 0-0: Ground out U3 (Groundball, 34S, EV 144 KM/H)
Batting: RHB Cosme Medina 0-0: Ball
1-0: Called Strike
1-1: Ball
2-1: Fly out, F9 (Line Drive, 9S, EV 157 KM/H)
Batting: RHB Rodrigo Pérez 0-0: Fly out, F9 (Flyball, 9LD, EV 152 KM/H)
Top of the 5th over - 0 runs, 0 hits, 0 errors, 0 left on base; Vieques 2 - Corozal 0
BOTTOM OF THE 5TH
Corozal Mofongueros batting - Pitching for Vieques Esqueletos : RHP Raúl Rivera
Batting: SHB Uranio Fonseca 0-0: Ball
1-0: Called Strike
1-1: SINGLE (Line Drive, 9S, EV 155 KM/H)
Batting: RHB Egidio Fuentes Pickoff Throw to First - Out! 1-3
0-0: Ball
1-0: Foul Ball, location: 9LDF
1-1: Foul Ball, location: 9LMF
1-2: Ball
2-2: Ball
3-2: Base on Balls
Batting: SHB Jacinto González 0-0: Ball
Egidio Fuentes steals 2nd base
1-0: Called Strike
Egidio Fuentes steals 3rd base
1-1: Ground out 4-3 (Groundball, 4S, EV 136 KM/H)
Egidio Fuentes scores
Batting: RHB Jaime Olivera 0-0: Ball
1-0: Foul Ball, location: 2F
1-1: Foul Ball, location: 5DF
1-2: Ball
2-2: TRIPLE (Flyball, 89XD, EV 168 KM/H)
Batting: LHB Quirino Rodríguez 0-0: Ball
1-0: Ball
2-0: Called Strike
2-1: Foul Ball, location: 7LDF
2-2: Strikes out swinging
Bottom of the 5th over - 1 run, 2 hits, 0 errors, 1 left on base; Vieques 2 - Corozal 1
TOP OF THE 6TH
Vieques Esqueletos batting - Pitching for Corozal Mofongueros : RHP Leonel Alvarrán
Batting: RHB Felipe Delgado 0-0: Foul Ball, location: 3SF
0-1: Ball
1-1: Called Strike
1-2: Ball
2-2: Fly out, F7 (Flyball, 78M, EV 144 KM/H)
Batting: RHB Cedro Martín 0-0: Foul Ball, location: 2LF
0-1: Fly out, F3 (Popup, 3S, EV 129 KM/H)
Batting: RHB Aluino Trujillo 0-0: Ball
1-0: Ball
2-0: Foul Ball, location: 7LSF
2-1: Ground out 6-3 (Groundball, 6S, EV 99 KM/H)
Top of the 6th over - 0 runs, 0 hits, 0 errors, 0 left on base; Vieques 2 - Corozal 1
BOTTOM OF THE 6TH
Corozal Mofongueros batting - Pitching for Vieques Esqueletos : RHP Raúl Rivera
Batting: RHB Bill Goyette 0-0: Called Strike
0-1: Fly out, F8 (Flyball, 78S, EV 119 KM/H)
Batting: LHB Natalino Romero 0-0: Ball
1-0: Called Strike
1-1: Ball
2-1: Ground out U3 (Groundball, 3, EV 125 KM/H)
Batting: RHB Avelino González 0-0: Ball
1-0: Swinging Strike
1-1: Foul Ball, location: 2F
1-2: Ground out 6-3 (Groundball, 6, EV 149 KM/H)
Bottom of the 6th over - 0 runs, 0 hits, 0 errors, 0 left on base; Vieques 2 - Corozal 1
TOP OF THE 7TH
Vieques Esqueletos batting - Pitching for Corozal Mofongueros : RHP Leonel Alvarrán
Batting: RHB Rogelio Hernández 0-0: Ball
1-0: Called Strike
1-1: Foul Ball, location: 5FF
1-2: Foul Ball, location: 9LSF
1-2: Foul Ball, location: 3F
1-2: Foul Ball, location: 9LDF
1-2: SINGLE (Groundball, 6D, EV 156 KM/H)
Batting: RHB Urías Vergara 0-0: Sac Bunt to 13 - play at first, batter OUT! 1-4
Rogelio Hernández to second
Batting: RHB Julio Rodríguez 0-0: Called Strike
0-1: Ground out 1-3 (Groundball, 13, EV 105 KM/H)
Batting: RHB Roberto Guerrero 0-0: Called Strike
0-1: Called Strike
0-2: Ball
1-2: Foul Ball, location: 2F
1-2: Ground out 1-3 (Groundball, 34S, EV 98 KM/H)
Top of the 7th over - 0 runs, 1 hit, 0 errors, 1 left on base; Vieques 2 - Corozal 1
BOTTOM OF THE 7TH
Corozal Mofongueros batting - Pitching for Vieques Esqueletos : RHP Raúl Rivera
Batting: RHB Alex Yapp 0-0: Called Strike
0-1: Ball
1-1: Ball
2-1: Foul Ball, location: 2RF
2-2: Foul Ball, location: 2RF
2-2: Foul Ball, location: 2LF
2-2: Fly out, F7 (Flyball, 78S, EV 145 KM/H)
Batting: SHB Uranio Fonseca 0-0: Ground out U3 (Groundball, 3, EV 176 KM/H)
Pinch Hitting: LHB Rafael Canizales 0-0: Ball
1-0: DOUBLE (Groundball, 5L, EV 154 KM/H)
Batting: SHB Jacinto González 0-0: Ball
1-0: Fly out, F4 (Line Drive, 4, EV 106 KM/H)
Bottom of the 7th over - 0 runs, 1 hit, 0 errors, 1 left on base; Vieques 2 - Corozal 1
TOP OF THE 8TH
Vieques Esqueletos batting - Pitching for Corozal Mofongueros : RHP Leonel Alvarrán
Now in LF: Rafael Canizales
Batting: RHB Cosme Medina 0-0: Called Strike
0-1: Called Strike
0-2: Ball
1-2: Ball
2-2: Ball
3-2: Ground out 5-3 (Groundball, 56, EV 138 KM/H)
Batting: RHB Rodrigo Pérez 0-0: Called Strike
0-1: Swinging Strike
0-2: Ball
1-2: Foul Ball, location: 25FF
1-2: Foul Ball, location: 3DF
1-2: Strikes out swinging
Batting: RHB Felipe Delgado 0-0: Fly out, F8 (Flyball, 89M, EV 145 KM/H)
Top of the 8th over - 0 runs, 0 hits, 0 errors, 0 left on base; Vieques 2 - Corozal 1
BOTTOM OF THE 8TH
Corozal Mofongueros batting - Pitching for Vieques Esqueletos : RHP Raúl Rivera
Now at 1B: Filiberto García
Batting: RHB Jaime Olivera 0-0: Ball
1-0: Called Strike
1-1: Foul Ball, location: 7LSFF
1-2: Fly out, F9 (Flyball, 9, EV 143 KM/H)
Batting: LHB Quirino Rodríguez 0-0: Ball
1-0: Ball
2-0: Called Strike
2-1: Foul Ball, location: 2F
2-2: Ball
3-2: Fly out, F7 (Line Drive, 7, EV 148 KM/H)
Batting: RHB Bill Goyette 0-0: Foul Ball, location: 9LDF
0-1: Ball
1-1: Foul Ball, location: 2F
1-2: Strikes out swinging
Bottom of the 8th over - 0 runs, 0 hits, 0 errors, 0 left on base; Vieques 2 - Corozal 1
TOP OF THE 9TH
Vieques Esqueletos batting - Pitching for Corozal Mofongueros : RHP Leonel Alvarrán
Batting: RHB Cedro Martín 0-0: Called Strike
0-1: Ground out 2-3 (Groundball, 13S, EV 116 KM/H)
Batting: RHB Aluino Trujillo 0-0: Called Strike
0-1: Foul Ball, location: 3FF
0-2: Fly out, F9 (Flyball, 9, EV 150 KM/H)
Batting: RHB Rogelio Hernández 0-0: Foul Ball, location: 2F
0-1: Ball
1-1: Fly out, F9 (Flyball, 89M, EV 134 KM/H)
Top of the 9th over - 0 runs, 0 hits, 0 errors, 0 left on base; Vieques 2 - Corozal 1
BOTTOM OF THE 9TH
Corozal Mofongueros batting - Pitching for Vieques Esqueletos : RHP Raúl Rivera
Batting: LHB Natalino Romero 0-0: Ball
1-0: DOUBLE (Line Drive, 7LM, EV 166 KM/H)
Batting: LHB Diego Pérez 0-0: Called Strike
0-1: Ground out 4-3 (Groundball, 34, EV 138 KM/H)
Natalino Romero to third
Pinch Hitting: LHB Jorge Escandón 0-0: Ball
Wild Pitch!
Natalino Romero scores
1-0: Ground out 6-3 (Groundball, 6, EV 129 KM/H)
Batting: SHB Uranio Fonseca 0-0: Ball
1-0: Called Strike
1-1: Ball
2-1: Ground out 4-3 (Groundball, 34, EV 139 KM/H)
Bottom of the 9th over - 1 run, 1 hit, 0 errors, 0 left on base; Vieques 2 - Corozal 2
TOP OF THE 10TH
Vieques Esqueletos batting - Pitching for Corozal Mofongueros : RHP Leonel Alvarrán
Now at C: Wilton Barber
Pinch Hitting: LHB Eduino Caro 0-0: Foul Ball, location: 2F
0-1: Ball
1-1: Reached via error on a dropped throw from 2B, E3 (Groundball, 4S, EV 117 KM/H)
Batting: RHB Julio Rodríguez 0-0: Bunt missed!
0-1: Sac Bunt to 2L - play at second, runner OUT! 2-6
Batting: RHB Roberto Guerrero 0-0: Sac Bunt to P - play at first, batter OUT! 1-3
Julio Rodríguez to second
Pinch Hitting: LHB Jaime Flores 0-0: Ball
1-0: Foul Ball, location: 9LDF
1-1: Reached via error on a dropped throw from 2B, E3 (Groundball, 4, EV 170 KM/H)
Julio Rodríguez to third
Pinch Hitting: LHB Cándido Sánchez 0-0: Ball
1-0: Swinging Strike
1-1: Ball
Jaime Flores steals 2nd base (no throw)
2-1: Foul Ball, location: 2F
2-2: Ball
3-2: Foul Ball, location: 2F
3-2: Ground out 4-3 (Groundball, 4, EV 142 KM/H)
Top of the 10th over - 0 runs, 0 hits, 2 errors, 2 left on base; Vieques 2 - Corozal 2
BOTTOM OF THE 10TH
Corozal Mofongueros batting - Pitching for Vieques Esqueletos : RHP Raúl Rivera
Now at 1B: Eduino Caro
Now at SS: Jaime Flores
Now in LF: Filiberto García
Now in RF: Cándido Sánchez
Batting: LHB Rafael Canizales 0-0: Called Strike
0-1: Ground out 5-3 (Groundball, 5L, EV 133 KM/H)
Batting: SHB Jacinto González 0-0: Called Strike
0-1: Ground out 5-3 (Groundball, 56S, EV 109 KM/H)
Batting: RHB Jaime Olivera 0-0: Ball
1-0: Foul Ball, location: 3FF
1-1: Called Strike
1-2: Ball
2-2: Foul Ball, location: 3SF
2-2: TRIPLE (Flyball, W RL, EV 149 KM/H)
Batting: LHB Quirino Rodríguez 0-0: Intentional Walk
Batting: RHB Bill Goyette 0-0: Called Strike
0-1: Ground out 5-3 (Groundball, 56S, EV 127 KM/H)
Bottom of the 10th over - 0 runs, 1 hit, 0 errors, 2 left on base; Vieques 2 - Corozal 2
TOP OF THE 11TH
Vieques Esqueletos batting - Pitching for Corozal Mofongueros : RHP Leonel Alvarrán
Pinch Hitting: RHB Balduino Soto 0-0: Foul Ball, location: 2F
0-1: Ball
1-1: Foul Ball, location: 3SF
1-2: Ball
2-2: Fly out, F9 (Flyball, 9LS, EV 143 KM/H)
Batting: RHB Cedro Martín 0-0: Foul Ball, location: 2RF
0-1: Ball
1-1: Ground out 6-3 (Groundball, 6, EV 137 KM/H)
Batting: RHB Aluino Trujillo 0-0: Called Strike
0-1: Ball
1-1: Ball
2-1: SINGLE (Groundball, 4D, EV 160 KM/H)
Batting: RHB Rogelio Hernández 0-0: Foul Ball, location: 2RF
0-1: Called Strike
Aluino Trujillo is caught stealing 2nd base 2-4
Top of the 11th over - 0 runs, 1 hit, 0 errors, 0 left on base; Vieques 2 - Corozal 2
BOTTOM OF THE 11TH
Corozal Mofongueros batting - Pitching for Vieques Esqueletos : RHP Raúl Rivera
Now in LF: Balduino Soto
Batting: LHB Natalino Romero 0-0: Swinging Strike
0-1: Foul Ball, location: 23F
0-2: Ground out 4-3 (Groundball, 4, EV 128 KM/H)
Batting: LHB Diego Pérez 0-0: Called Strike
0-1: Ball
1-1: Ball
2-1: Called Strike
2-2: Ball
3-2: Foul Ball, location: 5FF
3-2: Fly out, F7 (Line Drive, 78M, EV 149 KM/H)
Batting: RHB Wilton Barber 0-0: Swinging Strike
0-1: Fly out, F7 (Line Drive, 7, EV 152 KM/H)
Bottom of the 11th over - 0 runs, 0 hits, 0 errors, 0 left on base; Vieques 2 - Corozal 2
TOP OF THE 12TH
Vieques Esqueletos batting - Pitching for Corozal Mofongueros : RHP Leonel Alvarrán
Batting: RHB Rogelio Hernández 0-0: Foul Ball, location: 2F
0-1: Swinging Strike
0-2: Ball
1-2: Fly out, F4 (Flyball, 4D, EV 147 KM/H)
Batting: LHB Eduino Caro 0-0: Ball
1-0: Swinging Strike
1-1: Swinging Strike
1-2: Strikes out swinging
Pinch Hitting: RHB Heráclito Tejada 0-0: Called Strike
0-1: Fly out, F8 (Flyball, 8RD, EV 150 KM/H)
Top of the 12th over - 0 runs, 0 hits, 0 errors, 0 left on base; Vieques 2 - Corozal 2
BOTTOM OF THE 12TH
Corozal Mofongueros batting - Pitching for Vieques Esqueletos : RHP Raúl Rivera
Now at 2B: Gobrías González
Batting: SHB Uranio Fonseca 0-0: Foul Ball, location: 23FF
0-1: Ball
1-1: Foul Ball, location: 7LDF
1-2: Strikes out swinging
Batting: LHB Rafael Canizales 0-0: Ball
1-0: Ball
2-0: Ball
3-0: Called Strike
3-1: Base on Balls
Batting: SHB Jacinto González 0-0: Ball
1-0: Ball
2-0: Called Strike
2-1: Ball
3-1: Called Strike
3-2: Fly out, F9 (Flyball, 9LM, EV 158 KM/H)
Batting: RHB Jaime Olivera 0-0: Called Strike
0-1: Ball
1-1: Foul Ball, location: 25F
1-2: Ball
2-2: Foul Ball, location: 7LMF
2-2: Ground out 1-3 (Groundball, 13S, EV 99 KM/H)
Bottom of the 12th over - 0 runs, 0 hits, 0 errors, 1 left on base; Vieques 2 - Corozal 2
TOP OF THE 13TH
Vieques Esqueletos batting - Pitching for Corozal Mofongueros : RHP Leonel Alvarrán
Pinch Hitting: SHB Danilo Rodríguez 0-0: Fly out, F8 (Line Drive, 8RD, EV 147 KM/H)
Batting: LHB Jaime Flores 0-0: Called Strike
0-1: Called Strike
0-2: Ball
1-2: Ball
2-2: Strikes out swinging
Batting: LHB Cándido Sánchez 0-0: Ball
1-0: Ball
2-0: Foul Ball, location: 25F
2-1: Foul Ball, location: 25FF
2-2: Fly out, F8 (Flyball, 8LM, EV 150 KM/H)
Top of the 13th over - 0 runs, 0 hits, 0 errors, 0 left on base; Vieques 2 - Corozal 2
BOTTOM OF THE 13TH
Corozal Mofongueros batting - Pitching for Vieques Esqueletos : RHP Raúl Rivera
Now at C: Danilo Rodríguez
Batting: LHB Quirino Rodríguez 0-0: Ball
1-0: Fly out, F6 (Line Drive, 6, EV 109 KM/H)
Batting: RHB Bill Goyette 0-0: Ball
1-0: Foul Ball, location: 9LDF
1-1: Ball
2-1: Foul Ball, location: 2F
2-2: Strikes out swinging
Batting: LHB Natalino Romero 0-0: Foul Ball, location: 2F
0-1: Ball
1-1: Ball
2-1: Foul Ball, location: 7LDF
2-2: Ball
3-2: Reached on error, E4 (Groundball, 4, EV 161 KM/H)
Batting: LHB Diego Pérez 0-0: Intentional Walk
Batting: RHB Wilton Barber 0-0: Ball
1-0: Foul Ball, location: 3F
1-1: Foul Ball, location: 5FF
1-2: Ball
2-2: Fly out, F2 (Popup, 3SF, EV 116 KM/H)
Bottom of the 13th over - 0 runs, 0 hits, 1 error, 2 left on base; Vieques 2 - Corozal 2
TOP OF THE 14TH
Vieques Esqueletos batting - Pitching for Corozal Mofongueros : RHP Leonel Alvarrán
Batting: RHB Balduino Soto 0-0: Foul Ball, location: 9LSF
0-1: Foul Ball, location: 2F
0-2: Ground out 6-3 (Groundball, 6, EV 141 KM/H)
Batting: RHB Cedro Martín 0-0: Ball
1-0: Ground out 6-3 (Groundball, 56, EV 151 KM/H)
Batting: RHB Aluino Trujillo 0-0: Foul Ball, location: 23FF
0-1: Ball
1-1: Ball
2-1: Swinging Strike
2-2: Fly out, F3 (Popup, 34, EV 132 KM/H)
Top of the 14th over - 0 runs, 0 hits, 0 errors, 0 left on base; Vieques 2 - Corozal 2
BOTTOM OF THE 14TH
Corozal Mofongueros batting - Pitching for Vieques Esqueletos : RHP Raúl Rivera
Batting: SHB Uranio Fonseca 0-0: Ball
1-0: Ball
2-0: Ball
3-0: Called Strike
3-1: Foul Ball, location: 23F
3-2: Ground out 6-3 (Groundball, 6, EV 130 KM/H)
Batting: LHB Rafael Canizales 0-0: Swinging Strike
0-1: Ball
1-1: Fly out, F5 (Line Drive, 5, EV 119 KM/H)
Batting: SHB Jacinto González 0-0: Ground out 6-3 (Groundball, 6S, EV 105 KM/H)
Bottom of the 14th over - 0 runs, 0 hits, 0 errors, 0 left on base; Vieques 2 - Corozal 2
TOP OF THE 15TH
Vieques Esqueletos batting - Pitching for Corozal Mofongueros : RHP Leonel Alvarrán
Batting: RHB Rogelio Hernández 0-0: Swinging Strike
0-1: Swinging Strike
0-2: Ball
1-2: Ground out 6-3 (Groundball, 6, EV 176 KM/H)
Batting: LHB Eduino Caro 0-0: Fly out, F6 (Line Drive, 6, EV 108 KM/H)
Batting: RHB Gobrías González 0-0: Foul Ball, location: 3DF
0-1: Foul Ball, location: 9LMF
0-2: Ball
1-2: SINGLE (Line Drive, 8LS, EV 170 KM/H)
Batting: SHB Danilo Rodríguez 0-0: Called Strike
0-1: Ball
1-1: Swinging Strike
1-2: Ground out 6-3 (Groundball, 6M, EV 161 KM/H)
Top of the 15th over - 0 runs, 1 hit, 0 errors, 1 left on base; Vieques 2 - Corozal 2
BOTTOM OF THE 15TH
Corozal Mofongueros batting - Pitching for Vieques Esqueletos : RHP Raúl Rivera
Pitching: RHP Rian Marlow
Batting: RHB Jaime Olivera 0-0: Ground out 4-3 (Groundball, 4S, EV 131 KM/H)
Batting: LHB Quirino Rodríguez 0-0: Ball
1-0: Ball
2-0: Called Strike
2-1: Called Strike
2-2: Ball
3-2: Base on Balls
Batting: RHB Bill Goyette 0-0: Called Strike
Quirino Rodríguez steals 2nd base (no throw)
0-1: Ball
1-1: Ball
2-1: Fly out, F8 (Line Drive, 8LD, EV 152 KM/H)
Batting: LHB Natalino Romero 0-0: Intentional Walk
Batting: LHB Diego Pérez 0-0: Ball
1-0: Called Strike
1-1: Single, Error in OF, E8, batter to second base (Line Drive, 8RS, EV 144 KM/H)
Quirino Rodríguez scores
Bottom of the 15th over - 1 run, 1 hit, 1 error, 2 left on base; Vieques 2 - Corozal 3
Thursday, March 28th , 2024 - OOTP Baseball 25.2 Build 53